 Dungeon Sprint DCSS version 0.16.2-12-gd0ad4c3 (webtiles) character file.

915 evilmojo the Protected (level 8, -3/79 HPs)
             Began as a Hill Orc Fighter on Oct 15, 2015.
             Slain by a phantom (6 damage)
             ... in the Dungeon (Sprint IX: "|||||||||||||||||||||||||||||").
             The game lasted 00:06:40 (366 turns).

evilmojo the Protected (Hill Orc Fighter)            Turns: 366, Time: 00:06:40

Health: -3/79      AC: 15    Str: 26    XL:     8   Next: 9%
Magic:  8/8        EV:  9    Int:  8    God:
Gold:   0          SH: 12    Dex: 10    Spells: 0 memorised, 7 levels left

rFire  . . .     SeeInvis .     o - +1 broad axe (freeze)
rCold  . . .     Clarity  .     u - +1 chain mail
rNeg   . . .     SustAb   .     c - +0 shield
rPois  .         Gourm    .     (no helmet)
rElec  .         Spirit   .     s - +0 cloak
rCorr  .         Warding  .     (no gloves)
rMut   .         NoTele   +     t - +0 pair of boots
MR     .....                    (no amulet)
Stlth  ..........               (no ring)
                                (no ring)

@: mighty, very slightly contaminated, invisible, not resistant to hostile
enchantments, extremely unstealthy
A: no striking features
a: no special abilities


You were in the Dungeon.
You were not hungry.

You visited 1 branch

Inventory:

Hand weapons
 a - a +0 long sword
 e - a +0 shortbow
 f - a +0 longbow
 m - a +0 club
 o - a +1 broad axe of freezing (weapon)
 p - a +2 dire flail of protection
 q - a +2 rapier of electrocution
 r - the +2 scimitar of Defence {slice, Int+6 Stlth-}
   (You found it in the Dungeon)

   It inflicts extra damage upon your enemies.
   It affects your intelligence (+6).
   It makes you less stealthy.
 x - a +2 halberd of venom
Missiles
 g - 41 arrows
 l - 2 stones (quivered)
Armour
 b - a +0 scale mail
 c - a +0 shield (worn)
 s - a +0 cloak (worn)
 t - a +0 pair of boots (worn)
 u - a +1 chain mail (worn)
Jewellery
 v - a +2 ring of evasion
 w - a +3 ring of intelligence
Magical devices
 A - a wand of cold (7)
Scrolls
 k - 2 scrolls of blinking
 y - 2 scrolls of amnesia
 z - 3 scrolls of remove curse
Potions
 h - a potion of haste
 i - 4 potions of magic
 j - a potion of berserk rage
Comestibles
 d - a meat ration


   Skills:
 + Level 9.6 Fighting
 + Level 8.6 Long Blades
 + Level 10.3 Armour
 + Level 5.3 Dodging
 + Level 9.2 Shields


You had 7 spell levels left.
You didn't know any spells.

Dungeon Overview and Level Annotations

Branches:
Dungeon (1/1)

Altars:
Cheibriados
Dithmenos
Elyvilon
Fedhas
Gozag
Kikubaaqudgha
Makhleb
Nemelex Xobeh
Okawaru
Qazlal
Ru
Sif Muna
Trog
Vehumet
Xom
Yredelemnul
Zin
The Shining One
Beogh
Jiyva
Lugonu


Message History

Okay, then.
You see here a centaur corpse.
Drink which item? (? for menu, Esc to quit)
Okay, then.
Quiver which item? (- for none, * to show all) (? for menu, Esc to quit)
Okay, then.
Wear which item? (? for menu, Esc to quit)
Okay, then.
Wield which item (- for none, * to show all)? (? for menu, Esc to quit)
You can't wield that with a shield.
Wield which item (- for none, * to show all)? (? for menu, Esc to quit)
It glows with a cold blue light!
o - a +1 broad axe of freezing (weapon)
You barely miss the phantom.
The phantom is heavily damaged.
You block the phantom's attack. The phantom barely misses you.
You miss the phantom.
The phantom is heavily damaged.
The phantom hits you.
You die...

▓.▓
▓.▓
▓.▓
▓.▓
▓.▓
▓(▓
▓)▓
▓W▓
▓@▓
▓.▓
▓.▓
▓.▓
▓+▓


You could see a phantom.

Vanquished Creatures
  A phantom (D)
  A centaur (D)
  A necrophage (D)
  2 crimson imps (D)
  A giant mite (D)
  A shadow imp (D)
  An orc (D)
  A ball python (D)
  2 hobgoblins (D)
  2 bats (D)
  A giant gecko zombie (D)
  2 kobolds (D)
  3 rats (D)
19 creatures vanquished.

Vanquished Creatures (others)
  A centaur warrior (D)
  A centaur (D)
2 creatures vanquished.

Grand Total: 21 creatures vanquished

Notes
Turn   | Place    | Note
--------------------------------------------------------------
     0 | D        | evilmojo, the Hill Orc Fighter, began the quest for the Orb.
     0 | D        | Reached XP level 1. HP: 19/19 MP: 1/1
    15 | D        | Reached skill level 4 in Fighting
    45 | D        | Noticed a phantom
    49 | D        | Reached skill level 5 in Fighting
    49 | D        | Reached XP level 2. HP: 23/29 MP: 2/2
    90 | D        | Found a glowing silver altar of Zin.
    90 | D        | Found a glowing golden altar of the Shining One.
    90 | D        | Found an ancient bone altar of Kikubaaqudgha.
    90 | D        | Found a basalt altar of Yredelemnul.
    90 | D        | Found a shimmering altar of Xom.
    90 | D        | Found a radiant altar of Vehumet.
    90 | D        | Found an iron altar of Okawaru.
    91 | D        | Found a burning altar of Makhleb.
    92 | D        | Found a deep blue altar of Sif Muna.
    93 | D        | Found a bloodstained altar of Trog.
    94 | D        | Found a sparkling altar of Nemelex Xobeh.
    95 | D        | Found a white marble altar of Elyvilon.
   103 | D        | Found a roughly hewn altar of Beogh.
   104 | D        | Found a viscous altar of Jiyva.
   107 | D        | Found a corrupted altar of Lugonu.
   108 | D        | Found a blossoming altar of Fedhas.
   109 | D        | Found a snail-covered altar of Cheibriados.
   112 | D        | Found a shadowy altar of Dithmenos.
   113 | D        | Found a stormy altar of Qazlal.
   114 | D        | Found an opulent altar of Gozag.
   115 | D        | Found a sacrificial altar of Ru.
   148 | D        | Got the +2 scimitar of Defence {slice, Int+6 Stlth-}
   226 | D        | Noticed a crimson imp
   226 | D        | Noticed a necrophage
   226 | D        | Noticed a crimson imp
   238 | D        | Reached XP level 3. HP: 16/36 MP: 3/3
   243 | D        | Reached skill level 1 in Dodging
   252 | D        | Killed a necrophage
   252 | D        | Reached skill level 6 in Fighting
   252 | D        | Reached skill level 5 in Armour
   252 | D        | Reached skill level 5 in Shields
   252 | D        | Reached XP level 4. HP: 13/45 MP: 4/4
   271 | D        | Killed a crimson imp
   271 | D        | Reached XP level 5. HP: 47/51 MP: 5/5
   277 | D        | Killed a crimson imp
   277 | D        | Reached skill level 7 in Fighting
   277 | D        | Reached skill level 5 in Long Blades
   289 | D        | Killed a phantom
   289 | D        | Reached skill level 8 in Fighting
   289 | D        | Reached XP level 6. HP: 31/61 MP: 6/6
   308 | D        | Noticed a phantom
   308 | D        | Noticed a centaur
   308 | D        | Noticed a centaur warrior
   308 | D        | Noticed a centaur
   344 | D        | HP: 2/61 [centaur warrior (11)]
   347 | D        | Killed a centaur warrior
   347 | D        | Reached skill level 9 in Fighting
   347 | D        | Reached skill level 10 in Armour
   347 | D        | Reached skill level 5 in Dodging
   347 | D        | Reached XP level 7. HP: 3/70 MP: 7/7
   350 | D        | Killed a centaur
   354 | D        | HP: 2/70 [phantom (2)]
   355 | D        | Killed a centaur
   355 | D        | Reached XP level 8. HP: 2/79 MP: 8/8
   366 | D        | Slain by a phantom

Action                   |  1- 3 |  4- 6 |  7- 9 || total
-------------------------+-------+-------+-------++-------
Melee: Long sword        |    84 |    59 |     6 ||   149
       Broad axe         |       |       |     2 ||     2
Throw: Stone             |       |     2 |       ||     2
  Use: Potion            |     3 |     6 |     1 ||    10
 Stab: Invisible         |       |       |     1 ||     1
